 Dungeon Crawl Stone Soup version 0.17-a0-1636-g3119f2b (webtiles) character file.

1674418 Tesnorth the Slayer (level 27, 205/213 HPs)
             Began as a Human Gladiator on Aug 3, 2015.
             Was the Champion of Yredelemnul.
             Escaped with the Orb
             ... and 3 runes on Aug 6, 2015!
             The game lasted 04:52:08 (64820 turns).

Tesnorth the Slayer (Human Gladiator)              Turns: 64820, Time: 04:52:08

Health: 205/213    AC: 30    Str: 22    XL:     27
Magic:  30/30      EV: 23    Int: 10    God:    Yredelemnul [******]
Gold:   2295       SH:  0    Dex: 26    Spells: 0 memorised, 26 levels left

rFire  + + .     SeeInvis .     a - +10 glaive "Poaxal" {drain, rF+ rC+}
rCold  + + .     Clarity  .     G - +7 plate armour {rF+}
rNeg   . . .     SustAt   .     (no shield)
rPois  +         Gourm    .     (helmet restricted)
rElec  .         Spirit   .     y - +1 cloak
rCorr  .         Warding  .     n - +1 pair of gloves {Str+3}
rMut   .         Stasis   .     N - +0 pair of boots
MR     +++..                    R - amulet of regeneration
Stlth  ..........               I - ring of Siwuy {rPois rC+ Int+2 Slay+2 Stlth-}
                                M - ring of protection from magic

@: corroded equipment, very slightly contaminated, extremely resistant to
hostile enchantments, extremely unstealthy
A: horns 1, agile 1, frail 1
a: Animate Dead, Recall Undead Slaves, Injury Mirror, Drain Life, Enslave Soul,
Renounce Religion
0: Orb of Zot
}: 3/15 runes: serpentine, barnacled, slimy


You escaped.
You worshipped Yredelemnul.
Yredelemnul was exalted by your worship.
You were full.

You visited 10 branches of the dungeon, and saw 56 of its levels.
You also visited: Ossuary and Ice Cave.

You collected 6150 gold pieces.
You spent 3855 gold pieces at shops.

Inventory:

Hand weapons
 a - the +10 glaive "Poaxal" (weapon) {drain, rF+ rC+}
   (You found it on level 4 of the Vaults)

   A truly terrible weapon, it drains the life of those it strikes.
   It protects you from fire.
   It protects you from cold.
 b - a +0 blowgun of evasion
 q - a +9 glaive of chaos
Missiles
 c - 6 throwing nets (quivered) {!f}
 h - 50 javelins
 K - 13 curare-tipped needles {!f}
Armour
 n - a +1 pair of gloves of strength (worn)
 y - a +1 cloak (worn)
 G - a +7 plate armour of fire resistance (worn)
 J - a +2 helmet of see invisible
 N - a +0 pair of boots (worn)
Jewellery
 C - an uncursed amulet of resist corrosion
 I - the ring of Siwuy (right hand) {rPois rC+ Int+2 Slay+2 Stlth-}
   (You found it on level 2 of the Depths)

   [ring of protection from cold]

   It affects your intelligence (+2).
   It affects your accuracy and damage with ranged weapons and melee attacks
   (+2).
   It protects you from cold.
   It protects you from poison.
   It makes you less stealthy.
 M - a ring of protection from magic (left hand)
 O - the amulet "Teomutz" {Gourm rElec}
   (You found it on level 3 of the Snake Pit)

   [amulet of the gourmand]

   It allows you to eat raw meat even when not hungry.
   It insulates you from electricity.
 R - an amulet of regeneration (around neck)
Magical devices
 d - a wand of disintegration (1)
 z - a wand of paralysis (9)
 D - a wand of digging (6)
 H - a wand of hasting (7)
 T - a wand of teleportation (7)
 Z - a wand of polymorph (7)
Scrolls
 e - 2 scrolls of fear {!r}
 f - a scroll of fog {!r}
 i - 2 scrolls of identify
 r - 7 scrolls of recharging {!r}
 s - 19 scrolls of remove curse
 t - 7 scrolls of teleportation
 v - 4 scrolls of immolation {!r}
 x - 4 scrolls of silence
 B - 3 scrolls of blinking {!r}
 S - 3 scrolls of summoning
 U - 2 scrolls of vulnerability
Potions
 g - 4 potions of cancellation
 j - 4 potions of magic
 k - 4 potions of berserk rage
 l - 9 potions of heal wounds
 o - a potion of cure mutation
 u - 13 potions of curing
 A - 12 potions of flight
 L - 2 potions of agility
 V - a potion of might
 Y - 3 potions of resistance
Miscellaneous
 p - a phial of floods
 E - a lamp of fire
 F - a fan of gales
Comestibles
 m - 10 meat rations
 w - 33 bread rations


   Skills:
 * Level 23.8 Fighting
 - Level 21.1 Polearms
 - Level 2.0 Throwing
 + Level 20.6 Armour
 + Level 18.4 Dodging
 - Level 10.0 Invocations
 - Level 9.4 Evocations


You had 26 spell levels left.
You didn't know any spells.

Dungeon Overview and Level Annotations

Branches:
Dungeon (15/15)            Temple (1/1) D:6            Lair (8/8) D:9
 Shoals (4/4) Lair:6        Snake (4/4) Lair:3        Slime (6/6) Lair:7
    Orc (4/4) D:10            Elf (0/3) Orc:4        Vaults (4/5) D:13
  Crypt (0/3) Vaults:3     Depths (5/5) D:15            Zot (5/5) Depths:5

Altars:
Ashenzari
Dithmenos
Elyvilon
Fedhas
Makhleb
Nemelex Xobeh
Okawaru
Ru
Sif Muna
Trog
Vehumet
Yredelemnul
Beogh
Lugonu

Shops:
D:9 *%%[=   D:11 (   D:13 *   Orc:2 *:}[   Orc:4 [(:?   Shoals:1 ?   Shoals:4 (
Snake:2 (   Snake:3 (   Vaults:3 :   Depths:1 %}   Depths:2 !   Depths:3 %

Portals:
Hell: Depths:1 Depths:2 Depths:3 Depths:4 Depths:5
Abyss: Depths:2 Depths:3 Depths:5
Pandemonium: Depths:2 Depths:3
Ziggurat: Depths:4

Annotations:
D:4 Sigmund
Depths:4 exclusion: zombie
Zot:5 2 exclusions


Innate Abilities, Weirdness & Mutations

You have a pair of small horns on your head.
You are agile. (Dex +2)
You are frail (-10% HP).


Message History

The hell beast closely misses you. The hell beast completely misses you.
The blue devil swoops through the air toward you!
The blue devil completely misses you.
The hell beast caws, "Embrace thy fall, thou errant ruttish malt-worm!"
The hell beast completely misses you. x2
You slash the blue devil!
The blue devil is moderately wounded.
The hell beast misses you.
The hell beast tramples you but does no damage.
You can't go up here!
You slice the blue devil!!
You kill the blue devil!
The hell beast bites you but does no damage.
The hell beast tramples you but does no damage.
The rust devil completely misses you.
There is a staircase leading out of the dungeon here.
The hell beast bites you but does no damage.
The hell beast tramples you!
You hold your ground!
The rust devil hits you. The rust devil corrodes you!
You have escaped!

###############
#..≈≈.......2@#
#.≈≈.....P..4P##
#.P....PP.≈..#≈##
#.P.P......≈.#..#
#.≈≈....≈.P..≈≈.#
##..........≈≈≈##
#..P≈..PP.≈PPP≈≈#
#.....≈..≈≈≈.P≈.#
##......P...≈≈.##


You could see a hell beast and a rust devil.

Vanquished Creatures
  the royal jelly (Slime:6)
  5 ancient liches (Zot:5)
  3 orbs of fire (Zot:5)
  Sojobo (Depths:1)
  Saint Roka (Orc:4)
  A Killer Klown (Zot:5)
  A curse toe (Zot:1)
  A caustic shrike (Depths:2)
  6 golden dragons
  Jory (Depths:5)
  the Enchantress (Depths:5)
  2 electric golems
  Jorgrun (Snake:4)
  10 tentacled monstrosities
  Rupert (Lair:7)
  A lich (Depths:5)
  A quicksilver dragon (Depths:5)
  23 Orb Guardians
  7 acid blobs
  Gastronok (Orc:1)
  2 sphinxes
  8 storm dragons
  A shadow dragon (Zot:5)
  An ancient champion (Depths:2)
  A draconian monk (Depths:5)
  4 fire giants
  4 greater nagas (Snake:4)
  Wiglaf (Depths:3)
  3 tengu reavers
  7 azure jellies
  A deep elf sorcerer (Vaults:2)
  3 draconian knights
  2 draconian scorchers
  A ghost moth (Zot:5)
  4 draconian shifters (Zot:1)
  8 frost giants
  4 vault wardens
  5 very ugly things
  13 stone giants
  5 spriggan defenders
  11 ironheart preservers
  4 draconian annihilators (Zot:1)
  A vampire knight (Depths:5)
  A draconian caller (Zot:2)
  3 green draconians (Zot:1)
  5 black draconians
  A deep elf annihilator (Vaults:3)
  3 yellow draconians
  5 mottled draconians
  2 pale draconians (Depths:5)
  4 white draconians
  9 dire elephants (Depths:4)
  3 red draconians
  5 purple draconians
  2 merfolk javelineers (Shoals:4)
  9 ettins
  4 great orbs of eyes
  2 jiangshi (Depths:1)
  9 fire dragons
  10 yaktaur captains
  6 death oozes
  2 merfolk impalers (Shoals:4)
  8 vault guards
  A death cob (Zot:1)
  2 deep elf high priests (Depths:2)
  7 ice dragons
  Harold (D:10)
  6 naga warriors
  7 hydras
  9 rakshasas
  5 spriggan air magi
  4 centaur warriors
  A catoblepas (Lair:8)
  A hell beast (Depths:5)
  A merfolk aquamancer (Shoals:4)
  7 anacondas
  2 death knights (Vaults:3)
  5 tengu warriors
  9 deep troll shamans
  8 ogre magi
  2 vampire magi
  2 death yaks
  2 orc high priests
  A spriggan berserker (Depths:5)
  5 deep troll earth magi
  Urug (D:10)
  7 naga sharpshooters
  4 shadow wraiths
  A sun demon (Depths:4)
  7 skeletal warriors
  4 hell knights
  2 deep elf conjurers
  8 deep elf knights
  3 fire crabs
  2 salamander mystics (Snake:3)
  A fire crab (shapeshifter) (Vaults:3)
  A spriggan druid (Depths:3)
  A golden dragon zombie (Depths:3)
  2 iron trolls
  5 sea snakes
  3 giant orange brains
  An ice statue (IceCv)
  3 deep elf summoners
  2 flayed ghosts (Depths:5)
  11 orc knights
  5 naga ritualists
  3 necromancers
  2 shining eyes
  2 orc sorcerers
  21 ugly things
  6 mana vipers
  2 hornets (shapeshifter)
  25 deep trolls
  10 ironbrand convokers
  7 hill giants
  A fire giant zombie (Vaults:3)
  12 harpies
  3 water nymphs
  4 hornets
  3 wolf spiders
  4 wizards
  6 griffons
  3 oklob plants (Lair:7)
  2 moths of wrath (shapeshifter)
  6 cyclopes
  5 fauns
  6 moths of wrath
  11 elephants
  A sixfirhy (D:1)
  5 salamanders
  A fire giant skeleton (Vaults:3)
  A smoke demon (Depths:3)
  A cyclops (shapeshifter) (Vaults:3)
  4 manticores
  Maurice (D:10)
  7 vault sentinels
  2 eyes of devastation
  A guardian serpent (shapeshifter) (Vaults:2)
  20 black mambas
  3 gargoyles
  8 naga magi
  A black mamba (shapeshifter) (Depths:2)
  6 komodo dragons
  6 spiny frogs
  A yaktaur zombie (Vaults:3)
  6 sirens
  31 yaktaurs
  A molten gargoyle (Lair:4)
  A salamander skeleton (Vaults:3)
  A troll (shapeshifter) (Vaults:2)
  A kobold demonologist (Vaults:2)
  A komodo dragon (shapeshifter) (Vaults:3)
  3 hellwings
  A freezing wraith (Vaults:3)
  9 trolls
  5 fire drakes
  A yaktaur skeleton (Vaults:3)
  7 merfolk
  A wind drake (Shoals:3)
  A deep elf priest (Vaults:2)
  3 blue devils
  2 snapping turtles (Shoals:1)
  10 polar bears (IceCv)
  A tengu simulacrum (Vaults:3)
  43 slime creatures
  12 two-headed ogres
  12 blink frogs
  2 boulder beetles
  A frost giant simulacrum (Vaults:3)
  A raiju (shapeshifter) (Vaults:1)
  A fire giant simulacrum (Depths:4)
  2 wraiths
  A shadow (D:14)
  A centaur simulacrum (D:14)
  2 human simulacra
  5 fire elementals
  39 yaks
  6 spriggans
  4 water elementals
  6 wyverns
  7 golden eyes
  A redback (Vaults:4)
  An air elemental (Depths:4)
  5 deep elf magi
  4 steam dragons
  A yak (shapeshifter) (Vaults:1)
  Grum (Lair:1)
  4 basilisks
  11 hippogriffs
  A hog (Snake:1)
  10 deep elf fighters
  A spriggan simulacrum (Depths:3)
  6 wargs
  2 hungry ghosts
  15 wolves
  A yaktaur simulacrum (Vaults:1)
  Edmund (D:3)
  16 vampire mosquitoes
  9 water moccasins
  4 hell hounds
  7 mottled dragons
  27 nagas
  Duvessa (D:5)
  23 orc warriors
  3 eyes of draining
  2 phantoms
  7 ice beasts
  4 wasps
  4 porcupines
  11 boggarts
  A tengu (shapeshifter) (Vaults:3)
  2 sky beasts
  11 centaurs
  26 giant frogs
  40 ogres
  A big kobold (shapeshifter) (Depths:2)
  16 crocodiles
  4 big kobolds
  3 water moccasin zombies (Ossuary)
  An earth elemental (D:13)
  Dowan (D:5)
  2 wyvern zombies
  A wyvern skeleton (D:8)
  A deep troll simulacrum (Vaults:3)
  4 scorpions
  An elf zombie (Vaults:3)
  28 killer bees
  An electric eel (Lair:7)
  7 crimson imps
  3 gnoll shamans (D:7)
  11 jellies
  5 centaur skeletons
  2 quasits (D:7)
  4 centaur zombies
  5 lava snakes (Lair:4)
  32 orc wizards
  6 giant frog skeletons
  9 hounds
  24 orc priests
  Terence (D:3)
  6 iguanas
  7 worker ants
  2 hell rats (Lair:7)
  2 big kobold zombies (Ossuary)
  10 sheep
  3 hound skeletons
  2 mummies (Ossuary)
  16 adders
  15 gnolls
  2 worker ant zombies
  28 river rats
  5 shadow imps
  3 giant eyeballs (Depths:2)
  An ooze (D:5)
  An adder skeleton (D:5)
  8 adder zombies (Ossuary)
  A worm (D:6)
  A giant gecko (D:6)
  171 orcs
  A ball python (D:4)
  8 bats
  7 giant cockroaches
  3 goblins
  8 hobgoblins
  2 jackals (D:3)
  13 kobolds
  3 quokkas
  A giant cockroach zombie (D:5)
  7 giant newts
  4 gnoll zombies (Ossuary)
  8 hobgoblin zombies (Ossuary)
  6 kobold zombies (Ossuary)
  2 orc zombies (Ossuary)
  A quokka zombie (D:5)
  3 rats
  4 plants
  3 tentacles (Shoals:3)
1666 creatures vanquished.

Vanquished Creatures (collateral kills)
  An ancient lich (Zot:5)
  Mara (Snake:4)
  Margery (Depths:5)
  Norris (Snake:2)
  Vashnia (Snake:2)
  A caustic shrike (shapeshifter) (Vaults:2)
  2 golden dragons
  3 tentacled monstrosities (Zot:1)
  Asterion (Snake:3)
  A titan (Vaults:4)
  A quicksilver dragon (Depths:5)
  2 acid blobs
  A lich (Vaults:4)
  2 sphinxes
  A storm dragon (Depths:3)
  Kirke (Snake:1)
  2 shadow dragons
  A fire giant (Depths:5)
  2 tengu reavers (Depths:2)
  3 greater nagas
  A deep elf sorcerer (Vaults:4)
  Maud (D:14)
  4 frost giants
  Aizul (Snake:3)
  A draconian zealot (Zot:1)
  4 vault wardens
  5 ironheart preservers
  A ghoul (Zot:5)
  4 very ugly things
  6 stone giants
  Nessos (Lair:7)
  2 black draconians (Zot:1)
  A vampire knight (Depths:5)
  A green draconian (Zot:1)
  Azrael (Orc:4)
  6 dire elephants (Depths:4)
  A white draconian (Zot:2)
  5 mottled draconians
  A red draconian (Depths:5)
  2 purple draconians
  2 ettins
  Sonja (Orc:4)
  Snorg (Lair:8)
  5 vault guards
  4 merfolk javelineers
  A deep elf death mage (Vaults:4)
  6 merfolk impalers
  A jiangshi (Depths:1)
  7 fire dragons
  2 ice dragons
  2 rakshasas
  6 hydras
  2 yaktaur captains
  2 entropy weavers
  11 naga warriors
  2 great orbs of eyes
  7 anacondas
  2 hell beasts
  A merfolk aquamancer (Shoals:4)
  A catoblepas (Depths:3)
  2 merfolk avatars (Shoals:1)
  A death knight (Depths:2)
  3 ogre magi
  A deep troll shaman (Depths:4)
  A satyr (Shoals:2)
  7 centaur warriors
  4 deep troll earth magi
  3 spriggan berserkers
  2 tengu warriors (Depths:2)
  2 death yaks (Lair:7)
  7 shock serpents
  12 naga sharpshooters
  4 skeletal warriors
  A flayed ghost (Depths:2)
  11 deep trolls
  An ironbrand convoker (Vaults:4)
  A spriggan druid (Depths:3)
  4 iron trolls
  6 sea snakes
  A lindwurm (Depths:3)
  8 naga ritualists
  4 hill giants
  5 wizards
  17 harpies
  4 deep elf conjurers
  2 necromancers
  16 ugly things
  A tengu skeleton (Depths:3)
  6 griffons
  An oklob plant (Lair:7)
  2 moths of wrath
  6 mana vipers
  14 fauns
  3 manticores
  3 guardian serpents
  34 black mambas
  An orc sorcerer (Vaults:4)
  7 salamanders
  8 orc knights
  2 elephants (Lair:3)
  A sixfirhy (D:15)
  A wolf spider (Depths:3)
  12 cyclopes
  4 sirens
  A human skeleton (Vaults:3)
  A shining eye (Slime:3)
  An iron dragon skeleton (Depths:3)
  An elephant (shapeshifter) (Vaults:4)
  11 naga magi
  A molten gargoyle (Lair:3)
  8 yaktaurs
  6 vault sentinels
  A moth of wrath (shapeshifter) (Vaults:2)
  2 rust devils
  5 spiny frogs
  A gargoyle (D:12)
  A redback zombie (D:13)
  4 komodo dragons
  2 tengu conjurers
  2 fire drakes (Lair:5)
  An iron troll zombie (Depths:5)
  A freezing wraith (Vaults:4)
  2 deep elf priests
  A blue devil (Depths:5)
  16 merfolk
  A wind drake (shapeshifter) (Vaults:4)
  8 trolls
  3 polar bears (IceCv)
  26 slime creatures
  A harpy skeleton (D:15)
  5 two-headed ogres
  10 blink frogs
  A deep troll zombie (Depths:5)
  45 nagas
  A blink frog (shapeshifter) (Depths:2)
  4 air elementals
  A redback (Depths:5)
  A trapdoor spider (Vaults:2)
  6 snapping turtles
  2 spriggans
  25 yaks
  3 wyverns
  4 steam dragons
  A water elemental (Shoals:2)
  4 wraiths
  A hog (Snake:1)
  4 golden eyes (Slime:3)
  2 basilisks
  9 wolves
  A human (D:9)
  5 deep elf magi
  7 hippogriffs
  3 wargs
  8 deep elf fighters
  A chaos spawn (D:15)
  A hungry ghost (D:12)
  4 water moccasins
  4 vampire mosquitoes
  A sky beast (D:15)
  A swamp drake (Lair:8)
  3 hell hounds
  3 wasps
  3 porcupines
  5 ice beasts
  21 orc warriors
  2 eyes of draining
  3 boggarts
  A centaur (D:7)
  22 ogres
  7 crocodiles
  4 giant frogs
  A wyvern skeleton (D:15)
  3 killer bees
  An electric eel (D:11)
  2 iguanas
  A giant frog skeleton (D:7)
  9 orc priests
  2 hell rats (Lair:7)
  2 jellies (Slime:1)
  10 orc wizards
  A gnoll shaman (D:7)
  9 sheep
  A hound skeleton (D:10)
  18 river rats
  A shadow imp (D:8)
  2 adders
  A giant eyeball (Depths:2)
  An adder skeleton (D:9)
  63 orcs
  A bush (Depths:3)
  2 butterflies (Lair:4)
  67 fungi
  60 plants
985 creatures vanquished.

Vanquished Creatures (others)
  A profane servitor (Vaults:4)
  A bone dragon (Vaults:4)
  An eldritch tentacle (Zot:5)
  A fire giant (Depths:5)
  A caustic shrike zombie (Depths:2)
  6 ghouls
  A Killer Klown zombie (Zot:5)
  3 very ugly thing zombies
  A quicksilver dragon zombie (Depths:5)
  5 death cobs
  2 storm dragon zombies
  An anaconda zombie (Depths:3)
  5 skeletal warriors
  A golden dragon zombie (Zot:5)
  A shadow dragon zombie (Depths:5)
  11 flayed ghosts
  12 phantasmal warriors
  2 sphinx zombies (Depths:3)
  8 ugly thing zombies
  2 stone giant zombies
  4 fire giant zombies
  6 draconian zombies (Zot:1)
  3 frost giant zombies
  3 dire elephant zombies (Depths:4)
  3 shock serpent zombies
  A death yak zombie (Lair:7)
  2 black draconian zombies (Zot:1)
  3 red draconian zombies
  2 mottled draconian zombies (Zot:1)
  A purple draconian zombie (Depths:5)
  10 spriggan zombies
  A sea snake zombie (Snake:2)
  An elf skeleton (Vaults:4)
  A white draconian zombie (Zot:1)
  2 pale draconian zombies (Depths:5)
  A redback zombie (Vaults:4)
  7 harpy zombies
  2 hydra zombies
  15 deep troll zombies
  2 moth of wrath zombies (Zot:2)
  A guardian serpent zombie (Snake:4)
  3 ettin zombies
  An ice dragon zombie (Zot:5)
  8 fire dragon zombies
  2 hornet zombies
  17 black mamba zombies
  A guardian serpent skeleton (Snake:4)
  3 griffon zombies
  13 flying skulls
  5 vampires
  4 wraiths
  6 blink frog zombies
  A hill giant skeleton (Vaults:1)
  4 merfolk zombies
  3 tengu zombies
  A water nymph zombie (Shoals:3)
  3 faun zombies
  An orc warrior (Orc:4)
  2 spiny frog zombies (Lair:7)
  A swamp drake (Lair:8)
  5 elephant zombies
  A lindwurm zombie (Depths:3)
  A centaur (Depths:3)
  A crocodile (Lair:8)
  A fire drake zombie (Lair:5)
  A human skeleton (Vaults:4)
  6 vampire mosquito zombies
  A blink frog skeleton (Lair:3)
  A salamander zombie (Snake:4)
  15 yaktaur zombies
  2 fire crab zombies
  4 wyvern zombies (Lair:5)
  A hell hound zombie (Depths:3)
  A yaktaur skeleton (Vaults:2)
  2 cyclops zombies
  3 water moccasin zombies
  A troll zombie (Vaults:3)
  15 yak zombies
  2 hippogriff zombies
  A wight (IceCv)
  8 wolf zombies
  2 basilisk zombies
  4 giant frog zombies
  8 centaur zombies
  A giant frog skeleton (D:15)
  3 wasp zombies (Depths:5)
  5 two-headed ogre zombies
  20 human zombies
  9 elf zombies
  11 killer bee zombies
  4 crocodile zombies
  3 mottled dragon zombies
  23 naga zombies
  13 ogre zombies
  A big kobold zombie (Vaults:2)
  2 mummies
  A worker ant zombie (D:13)
  A hell rat zombie (Lair:7)
  A steam dragon zombie (Depths:5)
  7 sheep zombies
  An adder zombie (D:11)
  An orc (Orc:2)
  15 river rat zombies
  4 kobold zombies (Vaults:2)
  72 orc zombies
  A bush (Depths:3)
  106 eldritch tentacle segments (Zot:5)
  108 fungi
  107 plants
  17 tentacles (Shoals:3)
  978 tentacle segments (Shoals:3)
1818 creatures vanquished.

Grand Total: 4469 creatures vanquished

Notes
Turn   | Place    | Note
--------------------------------------------------------------
     0 | D:1      | Tesnorth the Human Gladiator began the quest for the Orb.
     0 | D:1      | Reached XP level 1. HP: 16/16 MP: 1/1
   155 | D:1      | Reached XP level 2. HP: 22/22 MP: 2/2
   247 | D:1      | Reached skill level 1 in Armour
   771 | D:1      | Reached XP level 3. HP: 24/28 MP: 3/3
  1872 | D:3      | Reached skill level 4 in Polearms
  1872 | D:3      | Reached XP level 4. HP: 34/34 MP: 4/4
  2121 | D:3      | Found a faded altar to an unknown god.
  2262 | D:3      | Reached XP level 5. HP: 25/41 MP: 5/5
  2426 | D:3      | Noticed Terence
  2444 | D:3      | Killed Terence
  3038 | D:2      | Reached XP level 6. HP: 19/47 MP: 6/6
  3532 | D:4      | Found a sparkling altar of Nemelex Xobeh.
  3552 | D:4      | Reached skill level 5 in Polearms
  3559 | D:4      | Found a sand-covered staircase.
  3563 | Ossuary  | Entered an ossuary
  3855 | Ossuary  | Reached XP level 7. HP: 45/53 MP: 7/7
  4246 | Ossuary  | Reached skill level 6 in Polearms
  4456 | D:4      | Noticed Edmund
  4514 | D:3      | Killed Edmund
  4811 | D:4      | Reached XP level 8. HP: 61/61 MP: 8/8
  5066 | D:4      | Noticed Sigmund
  5091 | D:4      | Gained mutation: Your flesh is heat resistant. [potion of beneficial mutation]
  5092 | D:4      | Gained mutation: You are covered in fur (AC +1). [potion of beneficial mutation]
  5271 | D:4      | Reached skill level 7 in Polearms
  5533 | D:5      | Entered Level 5 of the Dungeon
  5546 | D:5      | Reached skill level 5 in Fighting
  5879 | D:5      | Reached skill level 5 in Armour
  5898 | D:5      | Reached XP level 9. HP: 44/68 MP: 9/9
  6117 | D:5      | Reached skill level 8 in Polearms
  6591 | D:5      | Noticed Duvessa
  6628 | D:5      | Noticed Dowan
  6630 | D:5      | Killed Duvessa
  6649 | D:5      | Killed Dowan
  7619 | D:5      | Reached skill level 9 in Polearms
  8284 | D:6      | Reached XP level 10. HP: 77/77 MP: 10/10
  8768 | D:6      | Found a staircase to the Ecumenical Temple.
  8777 | Temple   | Entered the Ecumenical Temple
  8803 | Temple   | Became a worshipper of Yredelemnul the Dark
  8895 | D:6      | Reached skill level 10 in Polearms
  8895 | D:6      | Reached skill level 1 in Invocations
  9246 | D:7      | Found a sacrificial altar of Ru.
  9598 | D:7      | Found a white marble altar of Elyvilon.
  9825 | D:7      | Acquired Yredelemnul's first power
 10938 | D:8      | Reached XP level 11. HP: 86/86 MP: 13/13
 11318 | D:8      | Reached skill level 11 in Polearms
 11392 | D:8      | Acquired Yredelemnul's second power
 11465 | D:8      | Found a deep blue altar of Sif Muna.
 11728 | D:9      | Found Inaps's General Store.
 11763 | D:9      | Found Qesuqeino's Food Emporium.
 11765 | D:9      | Found Qocitri's Armour Emporium.
 11778 | D:9      | Bought a +1 pair of gloves of strength for 264 gold pieces
 11778 | D:9      | Bought a +2 helmet of see invisible for 344 gold pieces
 11807 | D:9      | Found Udiuwuib's Food Shop.
 11939 | D:9      | Found a staircase to the Lair.
 12160 | D:9      | Found a bloodstained altar of Trog.
 12223 | D:9      | Found Jougg's Jewellery Boutique.
 12434 | D:10     | Entered Level 10 of the Dungeon
 12434 | D:10     | Found a staircase to the Orcish Mines.
 12739 | D:10     | Noticed Maurice
 12747 | D:10     | Killed Maurice
 12768 | D:10     | Noticed Urug
 12797 | D:10     | Killed Urug
 12797 | D:10     | Reached skill level 5 in Invocations
 13636 | D:10     | Reached skill level 12 in Polearms
 13639 | D:10     | Acquired Yredelemnul's third power
 13671 | D:10     | Noticed Harold
 13700 | D:10     | Killed Harold
 13899 | D:10     | Noticed a hill giant
 13905 | D:10     | Killed a hill giant
 13983 | D:10     | Reached XP level 12. HP: 95/95 MP: 0/16
 14114 | Lair:1   | Entered Level 1 of the Lair of Beasts
 14239 | Lair:1   | Noticed Grum
 14252 | Lair:1   | Killed Grum
 14525 | Lair:1   | Received a gift from Yredelemnul
 14792 | Lair:1   | Received a gift from Yredelemnul
 15500 | Lair:2   | Received a gift from Yredelemnul
 15830 | D:9      | Bought an uncursed ring of poison resistance for 260 gold pieces
 15936 | Lair:3   | Acquired Yredelemnul's fourth power
 16025 | Lair:3   | Reached skill level 13 in Polearms
 16080 | Lair:3   | Found an iron altar of Okawaru.
 16177 | Lair:3   | Received a gift from Yredelemnul
 16259 | Lair:3   | Reached skill level 10 in Fighting
 16385 | Lair:3   | Reached XP level 13. HP: 78/103 MP: 18/18
 16399 | Lair:3   | Reached skill level 10 in Armour
 16738 | Lair:3   | Noticed an eight-headed hydra
 16750 | Lair:3   | Killed an eight-headed hydra
 16907 | Lair:3   | Found a staircase to the Snake Pit.
 16951 | Lair:3   | Noticed an eight-headed hydra
 16971 | Lair:3   | Killed an eight-headed hydra
 17247 | Lair:3   | Reached skill level 14 in Polearms
 17286 | Lair:4   | Identified a scroll of acquirement
 17287 | Lair:4   | Got a translucent bardiche
 17288 | Lair:4   | Identified the +5 bardiche of the Seven Suns {chop, +Inv} (You acquired it on level 4 of the Lair of Beasts)
 17649 | Lair:4   | Acquired Yredelemnul's fifth power
 17699 | Lair:4   | Received a gift from Yredelemnul
 18398 | Lair:5   | Received a gift from Yredelemnul
 18935 | Lair:5   | Received a gift from Yredelemnul
 18995 | Lair:5   | Found a frozen archway.
 19032 | IceCv    | Entered an ice cave
 19045 | IceCv    | Reached XP level 14. HP: 49/113 MP: 20/20
 19314 | IceCv    | Received a gift from Yredelemnul
 19569 | IceCv    | Reached skill level 15 in Polearms
 19584 | IceCv    | Noticed a frost giant
 19598 | IceCv    | Killed a frost giant
 19614 | IceCv    | Received a gift from Yredelemnul
 20538 | Lair:6   | Got an ichor-stained war axe
 20559 | Lair:6   | Received a gift from Yredelemnul
 20583 | Lair:6   | Found a staircase to the Shoals.
 21261 | Lair:7   | Reached skill level 10 in Invocations
 21389 | Lair:7   | Reached skill level 1 in Evocations
 21461 | Lair:7   | Noticed Rupert
 21472 | Lair:7   | Killed Rupert
 21562 | Lair:7   | Noticed Nessos
 21585 | Lair:7   | Killed Nessos
 21852 | Lair:7   | Received a gift from Yredelemnul
 22468 | Lair:8   | Entered Level 8 of the Lair of Beasts
 22533 | Lair:8   | Reached XP level 15. HP: 120/120 MP: 22/22
 22575 | Lair:8   | Reached skill level 16 in Polearms
 23006 | Lair:7   | Your ally Rupert died
 23078 | Lair:8   | Noticed Snorg
 23086 | Lair:8   | Killed Snorg
 23212 | Lair:8   | Received a gift from Yredelemnul
 24150 | Orc:1    | Entered Level 1 of the Orcish Mines
 24390 | Orc:2    | Found Zopued's Gadget Shop.
 24471 | Orc:2    | Found Buntisall's General Store.
 24476 | Orc:2    | Received a gift from Yredelemnul
 24531 | Orc:2    | Found a roughly hewn altar of Beogh.
 24564 | Orc:2    | Found Nuafuyll's Book Shoppe.
 24730 | Orc:2    | Found Hickobon's Armour Boutique.
 24823 | Orc:2    | Found a roughly hewn altar of Beogh.
 25026 | Orc:1    | Noticed Gastronok
 25060 | Orc:2    | Reached skill level 5 in Dodging
 25235 | Orc:1    | Killed Gastronok
 25235 | Orc:1    | Received a gift from Yredelemnul
 25818 | Orc:3    | Received a gift from Yredelemnul
 26365 | Orc:4    | Entered Level 4 of the Orcish Mines
 26375 | Orc:4    | Noticed Saint Roka
 26389 | Orc:4    | Killed Saint Roka
 26393 | Orc:4    | Received a gift from Yredelemnul
 26801 | Orc:3    | Received a gift from Yredelemnul
 26968 | Orc:4    | Received a gift from Yredelemnul
 26981 | Orc:4    | Found Sucegenk's Antique Weapon Shoppe.
 26988 | Orc:4    | Found Dedam's Magic Scroll Shop.
 27011 | Orc:4    | Found Tecemohi's Armour Emporium.
 27023 | Orc:4    | Found Suacopra's Book Shoppe.
 27025 | Orc:4    | Bought a scroll of blinking for 112 gold pieces
 27025 | Orc:4    | Bought a scroll of identify for 30 gold pieces
 27025 | Orc:4    | Bought a scroll of identify for 30 gold pieces
 27025 | Orc:4    | Bought a scroll of identify for 30 gold pieces
 27025 | Orc:4    | Bought a scroll of identify for 30 gold pieces
 27025 | Orc:4    | Bought a scroll of identify for 30 gold pieces
 27047 | Orc:4    | Noticed Azrael
 27060 | Orc:4    | Killed Azrael
 27167 | Orc:4    | Reached XP level 16. HP: 109/129 MP: 23/23
 27252 | Orc:4    | Found a staircase to the Elven Halls.
 27255 | Orc:4    | Noticed Sonja
 27265 | Orc:4    | Killed Sonja
 27265 | Orc:4    | Reached skill level 5 in Evocations
 27825 | Orc:3    | You fall through a shaft!
 27907 | Orc:1    | Received a gift from Yredelemnul
 28004 | D:11     | Found Eschupn's Weapon Boutique.
 28284 | D:11     | Reached skill level 17 in Polearms
 28665 | D:11     | Identified Hoddigga's Papyrus of Augmentations and Intoxication
 29475 | D:12     | Received a gift from Yredelemnul
 29715 | D:13     | Found Jatuluot's Pet Rocks.
 30335 | D:13     | Found a gate to the Vaults.
 30622 | D:14     | Received a gift from Yredelemnul
 30768 | D:14     | Noticed Maud
 30785 | D:14     | Killed Maud
 31172 | D:15     | Entered Level 15 of the Dungeon
 31255 | D:15     | Found a shattered altar of Ashenzari.
 31400 | D:15     | Received a gift from Yredelemnul
 31846 | D:15     | Received a gift from Yredelemnul
 31880 | D:15     | Found a staircase to the Depths.
 32152 | D:14     | Received a gift from Yredelemnul
 32387 | Snake:1  | Entered Level 1 of the Snake Pit
 33012 | Snake:1  | Received a gift from Yredelemnul
 33212 | Snake:1  | Reached XP level 17. HP: 49/135 MP: 20/24
 33674 | Snake:1  | Noticed Kirke
 33676 | Snake:1  | Noticed a sphinx
 33678 | Snake:1  | Killed Kirke
 33797 | Snake:1  | Received a gift from Yredelemnul
 34281 | Snake:2  | Reached skill level 18 in Polearms
 34327 | Snake:2  | Received a gift from Yredelemnul
 34610 | Snake:2  | Noticed Vashnia
 34680 | Snake:2  | Killed Vashnia
 34891 | Snake:2  | Noticed Norris
 34896 | Snake:2  | Killed Norris
 35142 | Snake:2  | Found Heruum's Weapon Shoppe.
 35713 | Snake:2  | Received a gift from Yredelemnul
 36167 | Snake:3  | Noticed Asterion
 36173 | Snake:3  | Killed Asterion
 36588 | Snake:3  | Got a warped silver ring
 36589 | Snake:3  | Identified the cursed ring of Qajouwuf {Str+7 Slay-2} (You found it on level 3 of the Snake Pit)
 36665 | Snake:3  | Received a gift from Yredelemnul
 36696 | Snake:3  | Got a steaming crystal amulet
 37009 | Snake:3  | Identified the amulet "Teomutz" {Gourm rElec} (You found it on level 3 of the Snake Pit)
 37079 | Snake:3  | Noticed Aizul
 37083 | Snake:3  | Killed Aizul
 37393 | Snake:3  | Reached XP level 18. HP: 129/145 MP: 25/25
 37578 | Snake:3  | Found Lece's Antique Weapon Boutique.
 37583 | Snake:3  | Bought a glowing glaive for 240 gold pieces
 37985 | Orc:4    | Bought a +1 plate armour of fire resistance for 385 gold pieces
 38008 | Orc:4    | Bought a scroll of brand weapon for 300 gold pieces
 38275 | Shoals:1 | Entered Level 1 of the Shoals
 38738 | Shoals:1 | Received a gift from Yredelemnul
 38772 | Shoals:1 | Reached skill level 19 in Polearms
 38788 | Shoals:1 | Found Cufeses's Magic Scroll Boutique.
 38797 | Shoals:1 | Bought a scroll of brand weapon for 360 gold pieces
 38797 | Shoals:1 | Bought a scroll of blinking for 135 gold pieces
 38797 | Shoals:1 | Bought a scroll of blinking for 135 gold pieces
 39681 | Shoals:2 | Upgraded the game from 0.17-a0-1632-g0af21bd to 0.17-a0-1635-gd4e48f1
 39690 | Shoals:3 | Received a gift from Yredelemnul
 40512 | Shoals:3 | Received a gift from Yredelemnul
 40769 | Shoals:4 | Entered Level 4 of the Shoals
 40822 | Shoals:4 | Got a barnacled rune of Zot
 40950 | Shoals:4 | Found Vesch's Antique Weapon Boutique.
 41259 | Snake:4  | Entered Level 4 of the Snake Pit
 41349 | Snake:4  | Received a gift from Yredelemnul
 41741 | Snake:4  | Noticed Jorgrun
 41749 | Snake:4  | Killed Jorgrun
 41858 | Snake:4  | Reached XP level 19. HP: 122/153 MP: 26/26
 42465 | Snake:4  | Received a gift from Yredelemnul
 43037 | Snake:4  | Received a gift from Yredelemnul
 43078 | Snake:4  | Noticed Mara
 43078 | Snake:4  | Noticed Mara
 43081 | Snake:4  | Noticed Tesnorth's illusion
 43083 | Snake:4  | Noticed Mara
 43086 | Snake:4  | Killed Mara
 43100 | Snake:4  | Received a gift from Yredelemnul
 43211 | Snake:4  | Got a serpentine rune of Zot
 43656 | Vaults:1 | Entered Level 1 of the Vaults
 43714 | Vaults:1 | Received a gift from Yredelemnul
 43734 | Vaults:1 | Reached skill level 10 in Dodging
 44255 | Vaults:1 | Reached skill level 15 in Fighting
 44438 | Vaults:1 | Received a gift from Yredelemnul
 44850 | Vaults:1 | Got a jewelled arbalest
 44967 | Vaults:1 | Received a gift from Yredelemnul
 45159 | Vaults:2 | Reached skill level 20 in Polearms
 45222 | Vaults:2 | Reached skill level 15 in Armour
 45375 | Vaults:2 | Reached XP level 20. HP: 152/162 MP: 27/27
 45430 | Vaults:2 | Received a gift from Yredelemnul
 46893 | Vaults:2 | Received a gift from Yredelemnul
 46930 | Vaults:2 | Noticed a caustic shrike
 46936 | Vaults:2 | Killed a caustic shrike
 47108 | Vaults:2 | Paralysed by a wizard for 7 turns
 47625 | Vaults:2 | Upgraded the game from 0.17-a0-1635-gd4e48f1 to 0.17-a0-1636-g3119f2b
 48365 | Vaults:3 | Reached XP level 21. HP: 161/171 MP: 28/28
 48372 | Vaults:3 | Found Tatogo Dituc's Book Boutique.
 48574 | Vaults:3 | Received a gift from Yredelemnul
 48919 | Vaults:3 | Received a gift from Yredelemnul
 48971 | Vaults:3 | Paralysed by a hornet for 2 turns
 49298 | Vaults:3 | Received a gift from Yredelemnul
 49345 | Vaults:3 | Found a staircase to the Crypt.
 49974 | Vaults:4 | Got a steaming glaive
 49975 | Vaults:4 | Identified the +10 glaive "Poaxal" {drain, rF+ rC+} (You found it on level 4 of the Vaults)
 49984 | Vaults:4 | Noticed a golden dragon
 50010 | Vaults:4 | Killed a golden dragon
 50030 | Vaults:4 | Received a gift from Yredelemnul
 50096 | Vaults:4 | Received a gift from Yredelemnul
 50227 | Vaults:3 | Got an ancient jade amulet
 50234 | Vaults:3 | Got a pair of warped gloves
 50245 | Vaults:3 | Identified the +0 pair of gloves of Xecwappa {rElec SInv} (You acquired it on level 3 of the Vaults)
 50257 | Vaults:3 | Identified the amulet "Itingyut" {Faith rF+} (You acquired it on level 3 of the Vaults)
 50262 | Vaults:3 | Got a warped platinum amulet
 50264 | Vaults:3 | Identified the amulet "Ulayj" {Gourm MP+9 Str+3} (You acquired it on level 3 of the Vaults)
 50373 | Vaults:4 | Reached skill level 21 in Polearms
 50440 | Vaults:4 | Received a gift from Yredelemnul
 51645 | Depths:1 | Entered Level 1 of the Depths
 51660 | Depths:1 | Reached XP level 22. HP: 180/180 MP: 29/29
 51913 | Depths:1 | Found Vompe Nies's Gadget Emporium.
 51934 | Depths:1 | Bought a wand of hasting (4) for 720 gold pieces
 52143 | Depths:1 | Noticed Sojobo
 52178 | Depths:1 | Killed Sojobo
 52280 | Depths:1 | Found Xykh's Food Shoppe.
 52288 | Depths:1 | Bought a meat ration for 55 gold pieces
 52288 | Depths:1 | Bought a bread ration for 55 gold pieces
 52288 | Depths:1 | Bought a bread ration for 55 gold pieces
 52288 | Depths:1 | Bought a bread ration for 55 gold pieces
 52288 | Depths:1 | Bought a bread ration for 55 gold pieces
 52288 | Depths:1 | Bought a bread ration for 55 gold pieces
 52453 | Depths:1 | Found a gateway to Hell.
 52917 | Depths:2 | Found Hoydar's Distillery.
 52936 | Depths:2 | Bought a potion of heal wounds for 120 gold pieces
 53010 | Depths:2 | Received a gift from Yredelemnul
 53035 | Depths:2 | Got a scintillating iron ring
 53043 | Depths:2 | Identified the ring of Siwuy {rPois rC+ Int+2 Slay+2 Stlth-} (You found it on level 2 of the Depths)
 53378 | Depths:2 | Found a one-way gate to the infinite horrors of the Abyss.
 53410 | Depths:2 | Noticed a caustic shrike
 53419 | Depths:2 | Killed a caustic shrike
 53607 | Depths:2 | Paralysed by a giant eyeball for 4 turns
 53643 | Depths:2 | Got a slimy lapis lazuli ring
 53644 | Depths:2 | Identified the ring "Wifyehoe" {*Corrode +Fly rElec Str+4 Dex+2} (You found it on level 2 of the Depths)
 53742 | Depths:2 | Found a one-way gate leading to the halls of Pandemonium.
 53754 | Depths:2 | Got a transparent arbalest
 53762 | Depths:2 | Paralysed by a giant eyeball for 4 turns
 53779 | Depths:2 | Noticed a golden dragon
 53797 | Depths:2 | Killed a golden dragon
 53878 | Depths:2 | Got a steaming bronze ring
 53882 | Depths:2 | Identified the ring "Votihueqad" {+Inv rPois rN++ Int-2 Dex+3} (You found it on level 2 of the Depths)
 54061 | Depths:2 | Received a gift from Yredelemnul
 54458 | Depths:2 | Reached XP level 23. HP: 154/190 MP: 30/30
 54563 | Depths:3 | Found Naexam's Food Emporium.
 54610 | Depths:2 | Received a gift from Yredelemnul
 54727 | Depths:3 | Received a gift from Yredelemnul
 54761 | Depths:3 | Noticed Wiglaf
 54800 | Depths:3 | Killed Wiglaf
 55054 | Depths:3 | Got an encrusted short sword
 55697 | Depths:3 | Found a corrupted altar of Lugonu.
 55927 | Depths:3 | Received a gift from Yredelemnul
 56265 | Depths:4 | Received a gift from Yredelemnul
 56317 | Depths:4 | Found a gateway to a ziggurat.
 56492 | Depths:4 | Reached skill level 15 in Dodging
 56833 | Depths:4 | Received a gift from Yredelemnul
 57148 | Depths:4 | Received a gift from Yredelemnul
 57148 | Depths:4 | Reached XP level 24. HP: 161/202 MP: 30/30
 57225 | Depths:5 | Entered Level 5 of the Depths
 57607 | Depths:5 | Noticed Jory
 57626 | Depths:5 | Killed Jory
 57872 | Depths:5 | Received a gift from Yredelemnul
 58121 | Depths:5 | Noticed the Enchantress
 58159 | Depths:5 | Killed the Enchantress
 58189 | Depths:5 | Got a faerie dragon armour
 58194 | Depths:5 | Got a twisted hunting sling
 58506 | Depths:5 | Noticed Margery
 58524 | Depths:5 | Killed Margery
 58546 | Depths:5 | Received a gift from Yredelemnul
 58561 | Depths:5 | Identified the +5 faerie dragon armour {rF++ Str+4} (You took it off the Enchantress on level 5 of the Depths)
 58570 | Depths:5 | Found a gate to the Realm of Zot.
 59194 | Lair:7   | Found a staircase to the Slime Pits.
 59234 | Slime:1  | Entered Level 1 of the Pits of Slime
 59262 | Slime:1  | Received a gift from Yredelemnul
 59262 | Slime:1  | Received a gift from Yredelemnul
 59584 | Slime:3  | Received a gift from Yredelemnul
 59770 | Slime:3  | Reached XP level 25. HP: 180/213 MP: 23/30
 59849 | Slime:6  | Entered Level 6 of the Pits of Slime
 60077 | Slime:6  | Noticed the royal jelly
 60100 | Slime:6  | Killed the royal jelly
 60381 | Slime:6  | Got a smoking robe
 60389 | Slime:6  | Got an ancient leather armour
 60393 | Slime:6  | Got a slimy rune of Zot
 60405 | Slime:6  | Received a gift from Yredelemnul
 60486 | Slime:6  | Identified Sophisticated Casting
 60507 | Slime:6  | Got a dazzling trident
 60508 | Slime:6  | Identified the +3 trident of Waucw {drain, rPois rN++ Str-4} (You found it on level 6 of the Pits of Slime)
 61055 | Depths:1 | Your ally Sojobo died
 61199 | Zot:1    | Entered Level 1 of the Realm of Zot
 61374 | Zot:1    | Received a gift from Yredelemnul
 61559 | Zot:1    | Received a gift from Yredelemnul
 61798 | Zot:1    | Reached skill level 22 in Fighting
 61942 | Zot:1    | Reached XP level 26. HP: 141/224 MP: 30/30
 62083 | Zot:1    | Received a gift from Yredelemnul
 62387 | Zot:5    | Entered Level 5 of the Realm of Zot
 62506 | Zot:5    | Got a polished dagger
 62507 | Zot:5    | Identified the +5 dagger "Osasuil" {flame, Dex+6} (You found it on level 5 of the Realm of Zot)
 62562 | Zot:5    | Noticed an ancient lich
 62583 | Zot:5    | Killed an ancient lich
 62590 | Zot:5    | Received a gift from Yredelemnul
 62594 | Zot:5    | Noticed an ancient lich
 62630 | Zot:5    | Killed an ancient lich
 62680 | Zot:5    | Noticed an ancient lich
 62716 | Zot:5    | Killed an ancient lich
 62745 | Zot:5    | Got a fine chain mail
 62746 | Zot:5    | Identified the +1 chain mail of the Solstice {rN+} (You found it on level 5 of the Realm of Zot)
 62925 | Zot:5    | Noticed an ancient lich
 62928 | Zot:5    | Noticed an ancient lich
 62929 | Zot:5    | WHY
 62964 | Zot:5    | Killed an ancient lich
 62971 | Zot:5    | Killed an ancient lich
 63059 | Zot:5    | Reached skill level 23 in Fighting
 63281 | Zot:5    | Noticed an orb of fire
 63282 | Zot:5    | Gained mutation: You have a pair of small horns on your head. [an orb of fire]
 63289 | Zot:5    | Gained mutation: Your spells are a little easier to cast, but a little less powerful. [an orb of fire]
 63301 | Zot:5    | Killed an orb of fire
 63390 | Zot:5    | Noticed an orb of fire
 63425 | Zot:5    | Gained mutation: You are weak. (Str -2) [an orb of fire]
 63427 | Zot:5    | Killed an orb of fire
 63427 | Zot:5    | Reached XP level 27. HP: 160/235 MP: 30/30
 63531 | Zot:5    | Noticed an orb of fire
 63531 | Zot:5    | Gained mutation: You are agile. (Dex +2) [an orb of fire]
 63538 | Zot:5    | Gained mutation: You are frail (-10% HP). [an orb of fire]
 63551 | Zot:5    | Killed an orb of fire
 63554 | Zot:5    | Noticed an ancient lich
 63581 | Zot:5    | Killed an ancient lich
 63641 | Zot:5    | Received a gift from Yredelemnul
 64050 | Zot:5    | Lost mutation: Your spells are a little easier to cast, but a little less powerful. [potion of cure mutation]
 64050 | Zot:5    | Lost mutation: You are covered in fur (AC +1). [potion of cure mutation]
 64050 | Zot:5    | Lost mutation: You are weak. (Str -2) [potion of cure mutation]
 64050 | Zot:5    | Lost mutation: Your flesh is heat resistant. [potion of cure mutation]
 64113 | Zot:5    | Got the Orb of Zot
 64415 | Depths:4 | Noticed Geleh the pandemonium lord
 64587 | D:10     | Noticed Woecuapo the pandemonium lord
 64820 | D:$      | Escaped with the Orb!

Vault maps used:
D:1:      lemuel_arrival_muddy
D:2:      kennysheep_pointless_box
D:3:      first_bread, ecumenical_altar_2, uniq_terence
D:4:      nicolae_ossuary_entry_plus, nemelex_xobeh_ov_fountains_minmay,
          uniq_edmund, uniq_sigmund
D:5:      wad_river_or_something, uniq_duvessa
D:6:      temple_hall, st_stairs_7, grunt_ministairs_1
D:7:      kennysheep_seaside_town, old_standard_altar, elyvilon_altar_5
D:8:      lemuel_blue_sif_altar
D:9:      kennysheep_mini, lair_0_dummy, serial_shops, kennysheep_little_box,
          shop_fountains, nicolae_shop_stone, kennysheep_mini_moat,
          nicolae_shop_stone, grunt_livestock
D:10:     uniq_maurice, uniq_urug, uniq_harold
D:11:     cheibrodos_lost_city_excavation, serial_shops, shop, glass_columns_c,
          hive_lemuel
D:12:     serial_park_tiny_1, minmay_misc_feat_encased
D:13:     grunt_vaults_entry_fortified, guppyfry_shop_earth
D:14:     glass_columns_a, uniq_maud
D:15:     grunt_enter_depths_snipers, ashenzari_altar_1
Temple:   nicolae_temple_elliptical
Lair:1:   infiniplex_staircase_pool_2, uniq_grum
Lair:3:   minmay_snake_entry_guardpost_small, basic_altar, minivault_24
Lair:4:   cheibrodos_magma_flow, lab_entry_generic, lemuel_fruit_fields
Lair:5:   portal_ice_cave_entry_ice_beasts, special_room
Lair:6:   elwin_shoals_entry_stream, grunt_megastairs_1
Lair:7:   minmay_slime_entry_oklob_open, serial_bayou_pond_c,
          serial_bayou_shore_a, uniq_nessos, uniq_rupert
Lair:8:   hangedman_lair_in_review, guppyfry_lair_end_dragon, uniq_snorg
Shoals:1: serial_shops, nicolae_shop_window_shopping, st_shoals_ruin
Shoals:2: cheibrodos_shoals_roost
Shoals:4: serial_shops, nicolae_shop_stone, shoals_end_simple, shoal_ilsuiw,
          nicolae_shoals_cliffside_cave
Snake:1:  uniq_kirke
Snake:2:  nicolae_sea_snake_s, serial_shops, shop, uniq_norris, uniq_vashnia
Snake:3:  serial_shops, shop, uniq_asterion, uniq_aizul
Snake:4:  minmay_snake_end_coiled, uniq_mara, uniq_jorgrun
Slime:5:  uniq_dissolution
Orc:1:    uniq_gastronok
Orc:2:    basic_altar, serial_shops, shop, shop, nicolae_shop_window_shopping,
          shop_statue, minmay_orc_temple_b
Orc:3:    nicolae_orc_pool_cavern
Orc:4:    st_orc_open, abandoned_shop, uniq_saint_roka, uniq_sonja, uniq_azrael
Vaults:1: v_alt_pattern_1, vaults_room_octagon, hangedman_vaults_snaps,
          vaults_room_hangedman_quadrants, nicolae_vaults_little_squares_5,
          vaults_room_door_ring, nicolae_vaults_theta, v_misc_17, v_misc_12,
          vaults_room_pool, nicolae_vaults_yaktaur_gun_rack
Vaults:2: grunt_vaults_funneled_arena, ontoclasm_vaults_spin,
          nicolae_vaults_ninety_degrees, v_alt_pattern_6,
          hangedman_vaults_slice, vaults_mumra_hexcomb,
          vaults_room_stairs_pillars, nicolae_vaults_little_squares_6,
          grunt_vaults_bifocal, grunt_vaults_twisty
Vaults:3: v_alt_pattern_3, minmay_crypt_entry_simple_box,
          nicolae_vaults_octagons, v_alt_pattern_2,
          nicolae_vaults_little_squares_5, vaults_dpeg_cross,
          nicolae_vaults_what_the_h, vaults_dpeg_diagonal,
          dpeg_vaults_monster_box, hangedman_vaults_restitches, v_misc_19,
          v_misc_12, vaults_room_corners, serial_shops, nicolae_shop_trees
Vaults:4: vaults_mumra_minichess, vaults_dpeg_hooks, ontoclasm_vaults_twist,
          st_star, nicolae_vaults_twisting_passages,
          nicolae_vaults_mini_display_case, v_misc_9,
          nicolae_vaults_circle_grid_b, v_misc_25, vaults_dpeg_encased_lava,
          nicolae_vaults_theta, ontoclasm_vaults_fault
Depths:1: hangedman_geh_valley, minmay_misc_feat_plants, serial_shops,
          nicolae_shop_temple_entry_statues_fountains, shop,
          mumra_transporter_accident, roderic_roman_lattice,
          lemuel_flamethrower_2, uniq_sojobo
Depths:2: hangedman_spin_cycle, pan_entry, serial_shops, hell_entry, abyss_entry
Depths:3: hangedman_hanging_gardens, grunt_hell_entry_dis_mu,
          abyss_entry_flame_altar, pan_entry, serial_shops, shop,
          small_chamber_with_monster, infiniplex_staircase_zigzag_4, uniq_wiglaf
Depths:4: mu_elephants_graveyard, enter_ziggurat_a, grunt_mini_vestibule,
          marbit_kobold_abyss_entry, roderic_aztec_sauvastika
Depths:5: evilmike_zot_entry_gauntlet, abyss_entry_crystal, fountainhead,
          hell_entry, uniq_enchantress, uniq_jory, uniq_margery
Zot:1:    grunt_deathspiral_small, grunt_ministairs_2
Zot:2:    kennysheep_six_static_rooms, st_stairs_11, grunt_megastairs_4
Zot:3:    lemuel_draconian_sentries, lemuel_elevator
Zot:4:    hangedman_zot_decor_tridents
Ossuary:  ossuary_tomb_2
IceCv:    ice_cave_small_giant

Action                   |  1- 3 |  4- 6 |  7- 9 | 10-12 | 13-15 | 16-18 | 19-21 | 22-24 | 25-27 || total
-------------------------+-------+-------+-------+-------+-------+-------+-------+-------+-------++-------
Melee: Trident           |   105 |    91 |       |       |       |       |       |       |       ||   196
       Halberd           |       |    40 |   455 |   799 |  1147 |   614 |       |       |       ||  3055
       Spear             |       |       |       |       |    85 |       |       |       |       ||    85
       Bardiche          |       |       |       |       |       |   189 |       |       |       ||   189
       Glaive            |       |       |       |       |       |   308 |  1256 |  1286 |   879 ||  3729
 Fire: Hunting sling     |     1 |    25 |    82 |     4 |       |       |       |       |       ||   112
       Blowgun           |       |       |       |       |       |       |       |       |    18 ||    18
Throw: Stone             |    16 |       |       |       |       |       |       |       |       ||    16
       Javelin           |     3 |       |       |       |     4 |     5 |     1 |       |       ||    13
       Throwing net      |     4 |    10 |     1 |     1 |       |       |       |       |     6 ||    22
Invok: Animate Remains   |       |       |       |    26 |       |       |       |       |       ||    26
       Animate Dead      |       |       |       |    28 |    98 |   118 |   113 |    98 |    26 ||   481
       Recall Undead Sla |       |       |       |       |     1 |     8 |     6 |     3 |       ||    18
       Stop Recall       |       |       |       |       |       |     4 |     1 |     2 |       ||     7
Evoke: Wand              |       |       |       |    11 |     9 |    21 |    12 |     7 |    14 ||    74
       Phial of floods   |       |       |       |       |     1 |     3 |       |     2 |     2 ||     8
       Lamp of fire      |       |       |       |       |     1 |     2 |       |     1 |     1 ||     5
       Fan of gales      |       |       |       |       |       |       |       |       |     1 ||     1
  Use: Scroll            |     3 |     3 |     7 |     7 |    12 |    32 |    10 |     5 |    20 ||    99
       Potion            |     1 |       |     6 |     2 |     7 |     9 |     2 |    10 |    11 ||    48
 Stab: Sleeping          |     2 |       |       |       |       |       |       |     1 |       ||     3
       Held in net/web   |     1 |     1 |     2 |     1 |       |       |       |       |    11 ||    16
       Distracted        |       |     1 |       |     8 |    18 |    26 |    19 |    32 |    14 ||   118
       Confused          |       |       |       |     4 |       |       |       |       |       ||     4
       Fleeing           |       |       |       |       |     2 |       |       |       |       ||     2
       Paralysed         |       |       |       |       |       |       |     3 |       |       ||     3
  Eat: Bread ration      |     1 |       |     2 |     1 |       |       |       |       |       ||     4
       Chunk             |       |     5 |     6 |     9 |    13 |    21 |    16 |       |       ||    70
       Pizza             |       |       |     1 |     8 |       |       |       |     2 |       ||    11
       Meat ration       |       |       |       |     1 |     4 |     8 |     5 |     7 |     4 ||    29
       Beef jerky        |       |       |       |     2 |     1 |     1 |       |     2 |     1 ||     7
       Fruit             |       |       |       |     2 |    19 |       |     5 |     2 |     9 ||    37
       Royal jelly       |       |       |       |       |     1 |       |       |       |       ||     1

Vault maps used:
D:1:      lemuel_arrival_muddy
D:2:      kennysheep_pointless_box
D:3:      first_bread, ecumenical_altar_2, uniq_terence
D:4:      nicolae_ossuary_entry_plus, nemelex_xobeh_ov_fountains_minmay,
          uniq_edmund, uniq_sigmund
D:5:      wad_river_or_something, uniq_duvessa
D:6:      temple_hall, st_stairs_7, grunt_ministairs_1
D:7:      kennysheep_seaside_town, old_standard_altar, elyvilon_altar_5
D:8:      lemuel_blue_sif_altar
D:9:      kennysheep_mini, lair_0_dummy, serial_shops, kennysheep_little_box,
          shop_fountains, nicolae_shop_stone, kennysheep_mini_moat,
          nicolae_shop_stone, grunt_livestock
D:10:     uniq_maurice, uniq_urug, uniq_harold
D:11:     cheibrodos_lost_city_excavation, serial_shops, shop, glass_columns_c,
          hive_lemuel
D:12:     serial_park_tiny_1, minmay_misc_feat_encased
D:13:     grunt_vaults_entry_fortified, guppyfry_shop_earth
D:14:     glass_columns_a, uniq_maud
D:15:     grunt_enter_depths_snipers, ashenzari_altar_1
Temple:   nicolae_temple_elliptical
Lair:1:   infiniplex_staircase_pool_2, uniq_grum
Lair:3:   minmay_snake_entry_guardpost_small, basic_altar, minivault_24
Lair:4:   cheibrodos_magma_flow, lab_entry_generic, lemuel_fruit_fields
Lair:5:   portal_ice_cave_entry_ice_beasts, special_room
Lair:6:   elwin_shoals_entry_stream, grunt_megastairs_1
Lair:7:   minmay_slime_entry_oklob_open, serial_bayou_pond_c,
          serial_bayou_shore_a, uniq_nessos, uniq_rupert
Lair:8:   hangedman_lair_in_review, guppyfry_lair_end_dragon, uniq_snorg
Shoals:1: serial_shops, nicolae_shop_window_shopping, st_shoals_ruin
Shoals:2: cheibrodos_shoals_roost
Shoals:4: serial_shops, nicolae_shop_stone, shoals_end_simple, shoal_ilsuiw,
          nicolae_shoals_cliffside_cave
Snake:1:  uniq_kirke
Snake:2:  nicolae_sea_snake_s, serial_shops, shop, uniq_norris, uniq_vashnia
Snake:3:  serial_shops, shop, uniq_asterion, uniq_aizul
Snake:4:  minmay_snake_end_coiled, uniq_mara, uniq_jorgrun
Slime:5:  uniq_dissolution
Orc:1:    uniq_gastronok
Orc:2:    basic_altar, serial_shops, shop, shop, nicolae_shop_window_shopping,
          shop_statue, minmay_orc_temple_b
Orc:3:    nicolae_orc_pool_cavern
Orc:4:    st_orc_open, abandoned_shop, uniq_saint_roka, uniq_sonja, uniq_azrael
Vaults:1: v_alt_pattern_1, vaults_room_octagon, hangedman_vaults_snaps,
          vaults_room_hangedman_quadrants, nicolae_vaults_little_squares_5,
          vaults_room_door_ring, nicolae_vaults_theta, v_misc_17, v_misc_12,
          vaults_room_pool, nicolae_vaults_yaktaur_gun_rack
Vaults:2: grunt_vaults_funneled_arena, ontoclasm_vaults_spin,
          nicolae_vaults_ninety_degrees, v_alt_pattern_6,
          hangedman_vaults_slice, vaults_mumra_hexcomb,
          vaults_room_stairs_pillars, nicolae_vaults_little_squares_6,
          grunt_vaults_bifocal, grunt_vaults_twisty
Vaults:3: v_alt_pattern_3, minmay_crypt_entry_simple_box,
          nicolae_vaults_octagons, v_alt_pattern_2,
          nicolae_vaults_little_squares_5, vaults_dpeg_cross,
          nicolae_vaults_what_the_h, vaults_dpeg_diagonal,
          dpeg_vaults_monster_box, hangedman_vaults_restitches, v_misc_19,
          v_misc_12, vaults_room_corners, serial_shops, nicolae_shop_trees
Vaults:4: vaults_mumra_minichess, vaults_dpeg_hooks, ontoclasm_vaults_twist,
          st_star, nicolae_vaults_twisting_passages,
          nicolae_vaults_mini_display_case, v_misc_9,
          nicolae_vaults_circle_grid_b, v_misc_25, vaults_dpeg_encased_lava,
          nicolae_vaults_theta, ontoclasm_vaults_fault
Depths:1: hangedman_geh_valley, minmay_misc_feat_plants, serial_shops,
          nicolae_shop_temple_entry_statues_fountains, shop,
          mumra_transporter_accident, roderic_roman_lattice,
          lemuel_flamethrower_2, uniq_sojobo
Depths:2: hangedman_spin_cycle, pan_entry, serial_shops, hell_entry, abyss_entry
Depths:3: hangedman_hanging_gardens, grunt_hell_entry_dis_mu,
          abyss_entry_flame_altar, pan_entry, serial_shops, shop,
          small_chamber_with_monster, infiniplex_staircase_zigzag_4, uniq_wiglaf
Depths:4: mu_elephants_graveyard, enter_ziggurat_a, grunt_mini_vestibule,
          marbit_kobold_abyss_entry, roderic_aztec_sauvastika
Depths:5: evilmike_zot_entry_gauntlet, abyss_entry_crystal, fountainhead,
          hell_entry, uniq_enchantress, uniq_jory, uniq_margery
Zot:1:    grunt_deathspiral_small, grunt_ministairs_2
Zot:2:    kennysheep_six_static_rooms, st_stairs_11, grunt_megastairs_4
Zot:3:    lemuel_draconian_sentries, lemuel_elevator
Zot:4:    hangedman_zot_decor_tridents
Ossuary:  ossuary_tomb_2
IceCv:    ice_cave_small_giant
